 Dungeon Crawl Stone Soup version 0.21.1-1-g345015fe64 (webtiles) character file.

2300 Htamos the Grappler (level 9, -3/88 HPs)
             Began as a Troll Monk on July 17, 2018.
             Slain by a killer bee (7 damage)
             ... on level 6 of the Dungeon.
             The game lasted 00:09:47 (4889 turns).

Htamos the Grappler (Troll Monk)                    Turns: 4889, Time: 00:09:47

Health: -3/88      AC: 10    Str: 26    XL:     9   Next: 17%
Magic:  8/8        EV: 12    Int:  8    God:
Gold:   298        SH:  0    Dex: 12    Spells: 8/8 levels left

rFire    . . .     SeeInvis .     - Unarmed
rCold    . . .     Gourm    +   (no shield)
rNeg     . . .     Faith    .   z - +2 robe of Duty {rElec rPois Int+2 Dex-3}
rPois    +         Spirit   .   (helmet restricted)
rElec    +         Reflect  .   D - +2 cloak
rCorr    .         Harm     .   (gloves unavailable)
MR       .....                  (boots unavailable)
Stlth    +.........             (no amulet)
HPRegen  0.64/turn              (no ring)
MPRegen  0.11/turn              (no ring)

@: mighty, lethally poisoned (-3 -> -6), silence
A: large, unfitting armour, claws 3, fast metabolism 3, gourmand, regeneration
1, shaggy fur 1, tough skin 2
a: no special abilities


You were on level 6 of the Dungeon.
You were completely stuffed.

You visited 1 branch of the dungeon, and saw 7 of its levels.

You collected 406 gold pieces.
You spent 108 gold pieces at shops.

Inventory:

Hand Weapons
 f - a +1 flail of crushing
 t - a +3 whip of venom
 x - the +5 long sword of the Lumpy Hells {holy, Str+2}
   (You found it on level 4 of the Dungeon)

   It has been blessed by the Shining One to cause great damage to the undead
   and demons.
   It affects your strength (+2).
Missiles
 v - 3 large rocks (quivered)
Armour
 a - a +0 robe
 k - a +0 buckler
 r - a +1 cloak
 u - a +1 robe of the Archmagi
 z - the +2 robe of Duty (worn) {rElec rPois Int+2 Dex-3}
   (You bought it in a shop on level 4 of the Dungeon)

   It affects your intelligence (+2).
   It affects your dexterity (-3).
   It insulates you from electricity.
   It protects you from poison.
 D - a +2 cloak (worn)
Jewellery
 o - an uncursed ring of fire {unknown}
 p - an uncursed amulet of harm {unknown}
Wands
 n - a wand of polymorph (9)
 y - a wand of flame (66)
Scrolls
 g - 5 scrolls of amnesia
 i - 2 scrolls of immolation
 j - 2 scrolls of remove curse {unknown}
 q - 2 scrolls of identify
 B - a scroll of fog
Potions
 c - 2 potions of haste {unknown}
 e - a potion of berserk rage {unknown}
 h - a potion of might
 m - a potion of ambrosia {unknown}
 s - a potion of agility {unknown}
 w - a potion of mutation {unknown}
 A - a potion of degeneration {unknown}
Books
 E - a book of Transfigurations

   Spells                             Type                      Level
   a - Irradiate                      Conjuration/Transmutation    5
   b - Statue Form                    Transmutation/Earth          6
   c - Hydra Form                     Transmutation                6
   d - Dragon Form                    Transmutation                7
Comestibles
 b - 19 rations
 l - 10 chunks of flesh


   Skills:
 + Level 5.6 Fighting
 + Level 5.6 Dodging
 - Level 1.0 Stealth
 * Level 9.2 Unarmed Combat


You had 8 spell levels left.
You didn't know any spells.

Dungeon Overview and Level Annotations

Branches:
Dungeon (7/15)
 Temple: D:4-7

Altars:
Nemelex Xobeh
Ru

Shops:
D:4 [


Innate Abilities, Weirdness & Mutations

You are too large for most types of armour.
You have claws for hands.
Your metabolism is lightning-fast.
You like to eat raw meat.
Your natural rate of healing is unusually fast.
You are covered in fur. (AC +1)
You have very tough skin. (AC +2)


Message History

Unknown command.
You claw the killer bee!
The killer bee is almost dead.
You feel sick. The killer bee barely misses you. The killer bee stings you.
* * * LOW HITPOINT WARNING * * *
The adder bites you but does no damage.
Unknown command.
You claw the killer bee!
You kill the killer bee!
You feel sick. The killer bee stings you!
* * * LOW HITPOINT WARNING * * *
The killer bee stings you.
* * * LOW HITPOINT WARNING * * *
The adder bites you but does no damage.
Okay, then.
As you read the scroll labeled KONGABBYHOIRAU, it crumbles to dust.
A profound silence engulfs you.
It was a scroll of silence.
You feel sick. The killer bee misses you. The adder completely misses you.
The killer bee stings you!
You die...

...........####..###.##
....##.###...#........##
.##..............##^#..##
####..#......##.....##..####
........####.#####..###....##
...#....# ##.# #...## ####..#
..##.##.###..# #.#.######..##
..##.....##.## #yS.##.....##
#..#.#......# ##@#..#.#####
.....##.....###.†##...#
###..............##..##
###....###....##.##..#
............#..#.....#
.##.##......##....##.#
....#####.....#..###.########
..######.........# #.#......#
..###........#...###.#......#


You could see a killer bee and an adder.

Vanquished Creatures
  Pikel (D:4)
  Grinder (D:3)
  Sigmund (D:3)
  A soldier ant (D:6)
  A sky beast (D:5)
  A centaur (D:6)
  An ogre (D:4)
  3 bullfrogs
  A wyvern zombie (D:7)
  2 scorpions (D:4)
  4 killer bees
  A howler monkey (D:4)
  A hound (D:6)
  A jelly (D:4)
  Crazy Yiuf (D:5)
  An orc priest (D:4)
  Terence (D:3)
  7 orc wizards
  2 worker ants (D:4)
  4 adders
  3 shadow imps
  2 worms
  A dart slug (D:2)
  A leopard gecko (D:6)
  33 orcs
  7 bats
  4 giant cockroaches
  7 goblins
  9 hobgoblins
  17 jackals
  4 quokkas
  7 frilled lizards
  A jackal zombie (D:6)
  8 kobolds
  5 rats
145 creatures vanquished.

Vanquished Creatures (others)
  A slave (D:4)
  A worker ant (D:4)
  4 orcs (D:4)
  A quokka (D:4)
7 creatures vanquished.

Grand Total: 152 creatures vanquished

Notes
Turn   | Place    | Note
-------+----------+-------------------------------------------
     0 | D:1      | Htamos the Troll Monk began the quest for the Orb.
     0 | D:1      | Reached XP level 1. HP: 22/22 MP: 0/0
   290 | D:1      | Reached XP level 2. HP: 24/29 MP: 1/1
   601 | D:1      | Found a sparkling altar of Nemelex Xobeh.
   818 | D:2      | Reached XP level 3. HP: 36/36 MP: 2/2
   966 | D:2      | Reached skill level 4 in Unarmed Combat
  1141 | D:2      | Reached XP level 4. HP: 44/44 MP: 3/3
  1883 | D:3      | Noticed Grinder
  1893 | D:3      | Killed Grinder
  1893 | D:3      | Reached skill level 5 in Unarmed Combat
  1893 | D:3      | Reached XP level 5. HP: 42/53 MP: 4/4
  1893 | D:3      | Reached XP level 6. HP: 48/61 MP: 5/5
  1921 | D:3      | Noticed Terence
  1928 | D:3      | Killed Terence
  1960 | D:3      | Noticed Sigmund
  1971 | D:3      | Killed Sigmund
  2340 | D:4      | Found a sacrificial altar of Ru.
  2454 | D:4      | Reached skill level 6 in Unarmed Combat
  2455 | D:4      | Reached XP level 7. HP: 49/68 MP: 6/6
  2964 | D:4      | Noticed Pikel
  2981 | D:4      | Reached skill level 7 in Unarmed Combat
  2997 | D:4      | Killed Pikel
  2997 | D:4      | Reached XP level 8. HP: 61/79 MP: 7/7
  3011 | D:4      | Reached skill level 8 in Unarmed Combat
  3356 | D:4      | Got an iridescent long sword
  3357 | D:4      | Identified the +5 long sword of the Lumpy Hells {holy, Str+2} (You found it on level 4 of the Dungeon)
  3388 | D:4      | Found Puffaorch's Antique Armour Emporium.
  3395 | D:4      | Bought a sheer robe for 108 gold pieces
  3405 | D:4      | Identified the +2 robe of Duty {rElec rPois Int+2 Dex-3} (You bought it in a shop on level 4 of the Dungeon)
  3515 | D:5      | Entered Level 5 of the Dungeon
  3652 | D:5      | Found a runed door.
  3723 | D:5      | Reached skill level 5 in Fighting
  3723 | D:5      | Reached skill level 5 in Dodging
  4074 | D:5      | Noticed Crazy Yiuf
  4076 | D:5      | Killed Crazy Yiuf
  4138 | D:6      | Noticed a hornet
  4141 | D:6      | Paralysed by a hornet for 3 turns
  4150 | D:6      | a hornet changed into a soldier ant
  4797 | D:7      | Reached XP level 9. HP: 88/88 MP: 8/8
  4807 | D:7      | Reached skill level 9 in Unarmed Combat
  4888 | D:6      | HP: 4/88 [killer bee (1)]
  4889 | D:6      | Slain by a killer bee

Skill      XL: |  1  2  3  4  5  6  7  8  9 |
---------------+----------------------------+-----
Unarmed Combat | 4 5 6 7 8 9 |  9.2
Fighting       | 3 4 5 |  5.6
Dodging        | 3 4 5 |  5.6
Stealth        | |  1.0

Action                   |  1- 3 |  4- 6 |  7- 9 || total
-------------------------+-------+-------+-------++-------
Melee: Unarmed           |   113 |    13 |    54 ||   180
       Punch             |     2 |       |    11 ||    13
       Flail             |       |    67 |     9 ||    76
       Whip              |       |       |   165 ||   165
       Long sword        |       |       |    29 ||    29
Evoke: Wand              |       |       |     1 ||     1
  Use: Scroll            |       |       |     5 ||     5
       Potion            |       |       |     5 ||     5
 Stab: Sleeping          |     6 |     4 |     4 ||    14
       Distracted        |       |     1 |       ||     1
  Eat: Chunk             |    16 |    12 |    23 ||    51
Armor: Robe              |    24 |    15 |   119 ||   158
Dodge: Dodged            |    65 |    38 |   230 ||   333
       Rpst.: Long sword |       |       |    11 ||    11
